AoeStats
← PJ2

Golden Pit

509161076Analyzed
1v1 RM · 8d ago on Sep 25, 2026· 59m 5s· 2 players
Game mode
Random Map
Map size
Tiny (2 player)
Population
200
Speed
Normal
Resources
Standard
Victory
Conquest
Starting age
Dark Age
Ending age
Imperial Age
RankedLock teamsTeams togetherTeam positionsShared explorationLock speedFull tech treeHidden civsTurbo modeCheats
Victory
Defeat
🇺🇸 Mongols · United States
982
+17
🇳🇱 Franks · Netherlands
1000
-51
PJ2
6:07 Loom
9:17 Feudal Age
9:50 Double-Bit Axe
11:02 Horse Collar
20:15 Castle Age
19:26 Bloodlines
20:08 Scale Barding Armor
20:14 Forging
19:58 Gold Mining
19:59 Stone Mining
23:29 Wheelbarrow
23:44 Bow Saw
23:45 Town Watch
25:35 Heavy Plow
27:20 Fervor
27:56 Hand Cart
28:05 Fletching
28:36 Husbandry
29:53 Bodkin Arrow
35:26 Ballistics
35:17 Masonry
37:10 Chain Barding Armor
36:53 Padded Archer Armor
44:01 Imperial Age
43:05 Iron Casting
43:01 Leather Archer Armor
42:41 Light Cavalry
44:18 Gold Shaft Mining
44:18 Stone Shaft Mining
45:04 Conscription
44:43 Hussar
46:32 Conscription
51:49 Bracer
53:05 Blast Furnace
53:41 Herbal Medicine
54:41 Hoardings
55:16 Thumb Ring
60:34 Chemistry
Koning Willie
10:07 Feudal Age
9:23 Loom
22:16 Castle Age
20:27 Gold Mining
20:27 Double-Bit Axe
23:26 Bow Saw
24:42 Wheelbarrow
25:41 Forging
25:36 Scale Barding Armor
26:15 Hand Cart
26:10 Husbandry
27:13 Gold Shaft Mining
29:34 Iron Casting
30:02 Stone Mining
41:36 Imperial Age
43:29 Heavy Scorpion
44:17 Cavalier
46:01 Blast Furnace
45:21 Chain Barding Armor
45:35 Elite Throwing Axeman
46:21 Town Watch
55:34 Paladin
Connection lost

Rejoining the realm…

Still unreachable

The connection could not be restored.

Session expired

The server has moved on; the page needs a fresh start.